 Seeded DCSS version 0.29.1-15-g9cfb28693d (webtiles) character file.

Game seed: 1 (custom seed)

51 Kazon the Covered (level 3, -4/30 HPs)
             Began as a Barachi Fighter on Apr 10, 2023.
             Slain by a gnoll
             ... wielding a +0 spear
              (5 damage)
             ... on level 2 of the Dungeon.
             The game lasted 00:05:47 (1003 turns).

Kazon the Covered (Barachi Fighter)                 Turns: 1003, Time: 00:05:47

Health: -4/30      AC: 11    Str: 17    XL:     3   Next: 81%
Magic:  3/3        EV:  5    Int: 10    God:
Gold:   167        SH:  0    Dex: 11    Spells: 2/2 levels left

rFire   . . .      SeeInvis .   f - +9 staff of Olgreb {rPois∞}
rCold   . . .      Faith    .   c - +0 buckler
rNeg    . . .      Spirit   .   m - +0 scale mail
rPois   ∞          Reflect  .   l - +0 helmet
rElec   .          Harm     .   (no cloak)
rCorr   .          Rampage  .   (no gloves)
Will    .....                   n - +2 pair of boots
Stlth   ..........              (no amulet)
HPRegen 0.10/turn               (no ring)
MPRegen 0.08/turn               (no ring)

@: held, slow
A: amphibious, slowness 1, strong legs 1, +LOS
a: Hop, Evoke the Staff of Olgreb


You were on level 2 of the Dungeon.
You visited 1 branch of the dungeon, and saw 2 of its levels.

You collected 167 gold pieces.

Inventory:

Hand Weapons
 a - a +0 long sword
 f - the +9 staff of Olgreb (weapon) {rPois∞}
   (You acquired it on level 1 of the Dungeon)

   If the wielder is skilled in Evocations, they can envenom those struck by it,
   dealing poison damage which bypasses armour.
   It enhances your poison magic.
   It grants immunity to poison.
   It can be activated via the 'a'bility menu to radiate toxic energy, with
   effectiveness depending on Evocations skill.
Missiles
 j - 12 stones (quivered)
Armour
 c - a +0 buckler (worn)
 l - a +0 helmet (worn)
 m - a +0 scale mail (worn)
 n - a +2 pair of boots (worn)
Jewellery
 g - an amulet of the acrobat
Scrolls
 k - 2 scrolls of identify {unknown}
 o - a scroll of immolation {unknown}
Potions
 b - a potion of berserk rage {unknown}
 d - a potion of might
 e - a potion of haste {unknown}
 h - a potion of flight {unknown}
 i - a potion of attraction {unknown}


   Skills:
 + Level 3.8 Fighting
 + Level 2.7 Long Blades
 + Level 0.9 Staves
 + Level 0.9 Throwing
 + Level 4.3 Armour
 + Level 0.8 Dodging
 + Level 3.6 Shields


You had 2 spell levels left.
You didn't know any spells.
Your spell library contained the following spells:

 Spells                   Type           Power      Damage    Failure   Level
 Apportation              Tloc           0%         N/A       85%         1
 Necrotise                Necr           0%         1d4       85%         1
 Summon Small Mammal      Summ           0%         N/A       85%         1


Dungeon Overview and Level Annotations

Branches:
Dungeon (2/15)

Altars:


Innate Abilities, Weirdness & Mutations

You are amphibious.
You cover ground slowly.
You can hop short distances.
You have an extended range of vision and can be seen from far away.


Message History

You pick up a book of Cantrips and begin reading...
You add the spells Necrotise, Summon Small Mammal and Apportation to your library.
A frilled lizard comes into view.
The frilled lizard hisses angrily.
The frilled lizard bites you but does no damage.
You sock the frilled lizard!
You kill the frilled lizard!
You see here a frilled lizard corpse.
Found a scroll labelled NAURHE KYU.
Found 5 stones. 2 gnolls come into view.
The gnoll shouts!
The gnoll moves out of view. x2
A gnoll comes into view. It is wielding a +0 whip.
The gnoll moves out of view.
You see here a scroll labelled NAURHE KYU.
There are no items here.
You see here a scroll labelled NAURHE KYU.
k - 2 scrolls labelled NAURHE KYU (gained 1)
The gnoll barely misses you. You block the gnoll's attack.
The gnoll hits you from afar with a +0 spear.
The gnoll hits you with a +0 halberd.
You barely miss the gnoll. The gnoll closely misses you.
The gnoll hits you with a +0 halberd!
You hit the gnoll.
The gnoll is moderately wounded.
The gnoll closely misses you. The gnoll hits you with a +0 halberd.
You sock the gnoll!
You kill the gnoll!
The gnoll throws a throwing net.
The throwing net hits you.
You become entangled in the net!
You struggle against the net.
The gnoll hits you from afar with a +0 spear.
* * * LOW HITPOINT WARNING * * *
You struggle against the net.
The gnoll hits you from afar with a +0 spear!
* * * LOW HITPOINT WARNING * * *
You struggle against the net.
The gnoll hits you from afar with a +0 spear.
You die...

..###..# .# .##.#..######
............##
###...........
###..####.################
#..####.................
#.........†......#
#..#############.## ##.#
#....@)g...# #.#
#.#######..# #.# #. #..#
#.# .. #..# #.# ... #...
######.# .#.. #....
.......##.##. ......
########. #. #.....g # ..
.(......


You could see a gnoll.

Vanquished Creatures
  A gnoll (D:2)
  An adder (D:2)
  A worm (D:2)
  6 endoplasms
  A giant cockroach (D:1)
  4 goblins (D:1)
  3 hobgoblins
  2 kobolds
  A quokka (D:1)
  A ball python (D:2)
  2 bats
  2 frilled lizards (D:2)
  3 rats (D:1)
28 creatures vanquished.

Notes
Turn   | Place    | Note
-------+----------+-------------------------------------------
     0 | D:1      | Kazon the Barachi Fighter began the quest for the Orb.
     0 | D:1      | Reached XP level 1. HP: 18/18 MP: 1/1
    57 | D:1      | Identified a scroll of acquirement
    57 | D:1      | Acquired the +9 staff of Olgreb {rPois∞}
    57 | D:1      | Found the +9 staff of Olgreb {rPois∞}
   105 | D:1      | Reached XP level 2. HP: 22/25 MP: 2/2
   130 | D:1      | Reached skill level 4 in Armour
   607 | D:2      | Reached XP level 3. HP: 29/30 MP: 3/3
  1002 | D:2      | HP: 1/30 [gnoll/+0 spear (8)]
  1003 | D:2      | Slain by a gnoll

Illustrated notes

Levels and vault maps discovered:
D:1:      dpeg_arrival_three_smaller_balls, layout_basic
D:2:      layout_loops_ring

Skill      XL: |  1  2 |
---------------+-------+-----
Armour         | 4 |  4.3
Fighting       | |  3.8
Long Blades    | |  2.7
Staves         | |  0.9
Throwing       | |  0.9
Dodging        | |  0.8
Shields        | |  3.6

Action                   || total
-------------------------++-------
Melee: Staff             ||    50
       Long sword        ||     3
Throw: Stone             ||     5
 Abil: Hop               ||     1
  Use: Scroll            ||     1
Armor: Scale mail        ||    41
Dodge: Dodged            ||    42
Block: Buckler           ||    16
